 Dungeon Crawl Stone Soup version 0.24.0-13-gcf9b3192b9 (webtiles) character file.

Game seed: 3874140256998172513, levelgen mode: deterministic

230370 bl3nd3r the Executioner (level 19, 0/267 (268) HPs)
             Began as a Minotaur Berserker on Nov 8, 2019.
             Was a High Priest of Trog.
             Succumbed to a wolf spider's poison
             ... on level 3 of the Spider Nest.
             The game lasted 01:26:19 (32141 turns).

bl3nd3r the Executioner (Minotaur Berserker)       Turns: 32141, Time: 01:26:19

HP:   0/267 (268)   AC: 26    Str: 32    XL:     19   Next: 12%
MP:   6/6           EV: 11    Int:  4    God:    Trog [*****.]
Gold: 1487          SH:  6    Dex: 13    Spells: 18/18 levels left

rFire    + . .     SeeInvis .   k - +4 battleaxe (antimagic)
rCold    . . .     Gourm    .   (shield currently unavailable)
rNeg     . . .     Faith    .   p - +3 plate armour {rF+}
rPois    +         Spirit   .   y - +2 hat {MR+}
rElec    .         Reflect  +   L - +1 cloak
rCorr    +         Harm     .   Y - +0 pair of gloves
MR       ++...                  M - +0 pair of boots
Stlth    ..........             B - amulet "Ashregeu" {Reflect Slay+2 SH+6}
HPRegen  0.54/turn              u - ring of poison resistance
MPRegen  0.10/turn              A - ring of resist corrosion

@: berserking, lethally poisoned (0 -> -22), very quick
A: retaliatory headbutt, horns 2
a: Berserk, Trog's Hand, Brothers in Arms, Renounce Religion


You were on level 3 of the Spider Nest.
You worshipped Trog.
Trog was extremely pleased with you.
You were very hungry.

You visited 4 branches of the dungeon, and saw 25 of its levels.
You also visited: Sewer, Gauntlet and Volcano.

You collected 2419 gold pieces.
You spent 932 gold pieces at shops.

Inventory:

Hand Weapons
 b - a +2 scimitar of flaming
 d - the +8 Wrath of Trog {antimagic, *Rage}
   (You found it in a Gauntlet)

   It reduces the magical energy of the wielder, and disrupts the spells and
   magical abilities of those hit.
   Natural abilities and divine invocations are not affected.
   It may make you go berserk in combat.
 k - a +4 antimagic battleaxe (weapon)
Missiles
 g - 28 javelins
 n - 3 silver javelins (quivered)
Armour
 i - the +1 hat of Imyf {+Fly rC- rN+++ Int-5}
   (You acquired it on level 2 of the Lair of Beasts)

   It affects your intelligence (-5).
   It makes you vulnerable to cold.
   It renders you almost immune to negative energy.
   It lets you fly.
 p - a +3 plate armour of fire resistance (worn)
 y - a +2 hat of magic resistance (worn)
 L - a +1 cloak (worn)
 M - a +0 pair of boots (worn)
 Y - a +0 pair of gloves (worn)
Jewellery
 j - an uncursed ring of protection from cold
 q - an uncursed ring of positive energy
 t - an uncursed amulet of guardian spirit
 u - a ring of poison resistance (left hand)
 v - the ring of Fuvaqose {MP+9 Int+5}
   (You found it in a Gauntlet)

   [ring of magical power]

   It affects your intelligence (+5).
   It affects your magic capacity (+9).
 A - a ring of resist corrosion (right hand)
 B - the amulet "Ashregeu" (around neck) {Reflect Slay+2 SH+6}
   (You found it on level 5 of the Dungeon)

   [amulet of reflection]

   It shields you and reflects attacks.
   It affects your accuracy and damage with ranged weapons and melee attacks
   (+2).
   It affects your SH (+6).
 D - an uncursed ring of stealth
 F - an uncursed amulet of the acrobat
 I - the ring "Nolip" {MP+9 Str+5 Int+3 Dex-3}
   (You found it in a Gauntlet)

   [ring of strength]

   It affects your strength (+5).
   It affects your intelligence (+3).
   It affects your dexterity (-3).
   It affects your magic capacity (+9).
Wands
 N - a wand of iceblast (21)
 S - a wand of clouds (7)
Scrolls
 a - a scroll of silence
 e - 6 scrolls of immolation
 l - a scroll of acquirement
 o - 16 scrolls of teleportation
 s - 5 scrolls of enchant weapon
 x - 7 scrolls of remove curse
 z - 3 scrolls of noise
 H - 3 scrolls of fear
 J - a scroll of holy word
 K - 4 scrolls of identify
 Q - a scroll of magic mapping
 R - a scroll of blinking
 U - 3 scrolls of enchant armour
Potions
 f - a potion of ambrosia {unknown}
 h - 10 potions of curing
 m - 6 potions of might
 r - 5 potions of mutation {unknown}
 w - 2 potions of haste
 C - a potion of resistance {unknown}
 G - a potion of cancellation {unknown}
 O - 6 potions of heal wounds
 V - 8 potions of brilliance
 W - 6 potions of agility
 X - 2 potions of berserk rage {unknown}
Comestibles
 c - 35 rations


   Skills:
 * Level 18.1 Fighting
 * Level 25.8 Axes
 + Level 13.3 Armour
 - Level 5.0 Dodging


You had 18 spell levels left.
You didn't know any spells.
Your spell library was empty.

Dungeon Overview and Level Annotations

Branches:
Dungeon (13/15)            Temple (0/1) D:7            Lair (6/6) D:10
 Shoals (0/4) Lair:3       Spider (4/4) Lair:3        Slime (0/5) Lair:5
    Orc (2/2) D:12            Elf (0/3) Orc:2         Sewer (visited)
Volcano (visited)         Gauntlet (visited)
 Vaults: D:13-14

Altars:
Okawaru
Ru
Uskayaw
Vehumet
Zin
The Shining One
Beogh

Shops:
D:10 =%%?*   D:12 *   Orc:1 ?   Orc:2 =(*[

Annotations:
Orc:2 2 runed translucent doors, exclusion: orange crystal statue


Innate Abilities, Weirdness & Mutations

You reflexively headbutt those who attack you in melee.
You have a pair of horns on your head.


Message History

There is a stone staircase leading down here.
You are too injured to fight recklessly!
You are too injured to fight recklessly!
You are too injured to fight recklessly!
You closely miss the wolf spider. You headbutt the wolf spider!
The wolf spider is heavily wounded.
* * * LOW HITPOINT WARNING * * *
You feel sick. The wolf spider hits you!
* * * LOW HITPOINT WARNING * * *
The wolf spider misses you.
A red film seems to cover your vision as you go berserk!
You feel yourself moving faster!
You feel mighty!
You are feeling very hungry.
* * * LOW HITPOINT WARNING * * *
You feel very sick. The wolf spider closely misses you.
You furiously retaliate!
You headbutt the wolf spider! You block the wolf spider's attack.
You closely miss the wolf spider. Your headbutt misses the wolf spider.
The wolf spider is severely wounded.
You die...

#.#..## ####.. #.....# #..#..
##^...# ##.^#.. ###
#.....#####...... ##.#
##....#..##.....# #..##
#...^^..^#.....#
#...###.......###...##
####:..s##.#^....#....##^
##..#....@####.........#..
#^..#....## ##........#.. ###
#.......^.# ###......#..
#.####.....#### ##.##.....#..
##..........#.#####<..##..^.#..
#..............##(....#....^#..
##..............^.....#....##^.
#........#^......>....#....#...
#.^#...######.........###....##


You could see a wolf spider.

Vanquished Creatures
  Jorgrun (Spider:2)
  2 ghost moths
  6 entropy weavers
  6 dire elephants (Lair:6)
  A minotaur (Gauntlet)
  2 death oozes (Gauntlet)
  Josephine (Lair:5)
  3 ogre magi (Orc:2)
  An anaconda (Lair:6)
  8 hydras
  A queen ant (Spider:1)
  16 two-headed ogres
  9 death yaks
  Erica (D:8)
  A tengu warrior (D:12)
  Urug (Orc:1)
  20 wolf spiders
  A necromancer (Lair:5)
  9 orb spiders
  2 manticores (D:12)
  A deep elf mage (D:12)
  2 ugly things
  An orc sorcerer (Orc:1)
  24 elephants
  8 black mambas
  7 oklob plants
  3 moths of wrath
  A cyclops (Orc:2)
  Joseph (D:8)
  A merfolk siren (Lair:3)
  2 gargoyles
  7 spiny frogs
  A molten gargoyle (Volcano)
  3 rime drakes
  5 komodo dragons
  12 demonic crawlers
  A tengu conjurer (D:12)
  5 hornets
  4 trolls
  2 queen bees
  16 blink frogs
  21 jumping spiders
  3 merfolk (Lair:3)
  2 polar bears (Lair:6)
  7 hippogriffs
  3 slime creatures (Gauntlet)
  71 redbacks
  A shadow (D:11)
  21 tarantellas
  4 wyverns
  Sigmund (D:6)
  5 wraiths
  2 fire elementals (Volcano)
  36 yaks
  4 hungry ghosts
  A basilisk (D:10)
  A steam dragon (Lair:2)
  2 wargs
  An acid dragon (D:12)
  22 soldier ants (Spider:1)
  10 water moccasins
  Duvessa (D:5)
  9 porcupines
  A black bear (D:6)
  20 orc warriors
  2 sky beasts
  3 ice beasts
  3 phantoms
  27 ogres
  16 wolves (Lair:2)
  A necrophage (D:5)
  13 crocodiles
  4 centaurs
  17 bullfrogs
  A wyvern zombie (D:8)
  A water moccasin zombie (D:8)
  5 scorpions
  Dowan (D:5)
  34 killer bees
  3 electric eels
  2 howler monkeys (D:9)
  5 crimson imps
  A centaur zombie (D:8)
  4 bullfrog zombies
  4 hounds
  4 jellies
  24 orc wizards
  A gnoll shaman (D:10)
  20 orc priests
  3 centaur skeletons
  3 iguanas
  3 wolf simulacra (Lair:5)
  22 worker ants
  3 polar bear simulacra (Lair:5)
  3 yak simulacra (Lair:5)
  3 hound skeletons
  2 worker ant zombies
  A howler monkey zombie (D:10)
  15 adders
  8 gnolls
  2 river rats (D:3)
  3 shadow imps
  An ooze (D:3)
  2 adder zombies (D:9)
  An adder skeleton (D:5)
  3 worms
  3 dart slugs (D:1)
  12 leopard geckos
  80 orcs
  4 ball pythons
  10 giant cockroaches
  4 goblins
  9 hobgoblins
  11 jackals
  7 kobolds
  2 quokkas
  15 bats
  13 frilled lizards
  2 quokka skeletons (D:4)
  A quokka zombie (D:5)
  4 rats
  2 river rat simulacra (Lair:5)
  4 fungi
  11 plants
916 creatures vanquished.

Vanquished Creatures (collateral kills)
  An ogre mage (Orc:2)
  A wolf spider (Spider:4)
  A redback (Spider:4)
  2 tarantellas
  4 soldier ants (Spider:1)
  An ogre (Orc:2)
  4 worker ants (Spider:1)
14 creatures vanquished.

Vanquished Creatures (others)
  A redback (Spider:2)
  A water moccasin (Lair:5)
  An orc (Orc:1)
  3 plants
6 creatures vanquished.

Grand Total: 936 creatures vanquished

Notes
Turn   | Place    | Note
-------+----------+-------------------------------------------
     0 | D:1      | bl3nd3r the Minotaur Berserker began the quest for the Orb.
     0 | D:1      | Reached XP level 1. HP: 19/19 MP: 0/0
    39 | D:1      | Reached skill level 4 in Axes
   113 | D:1      | Reached XP level 2. HP: 24/26 MP: 1/1
   349 | D:1      | Reached skill level 5 in Axes
   693 | D:2      | Reached XP level 3. HP: 31/31 MP: 2/2
   704 | D:2      | Reached ** piety under Trog
  1410 | D:2      | Found an iron altar of Okawaru.
  1937 | D:3      | Reached skill level 6 in Axes
  1937 | D:3      | Reached XP level 4. HP: 35/39 MP: 3/3
  1993 | D:3      | Reached *** piety under Trog
  2079 | D:3      | Found a glowing drain.
  2100 | Sewer    | Entered a sewer
  2491 | Sewer    | Reached XP level 5. HP: 37/45 MP: 4/4
  2576 | Sewer    | Reached skill level 7 in Axes
  2580 | Sewer    | Reached skill level 8 in Axes
  2580 | Sewer    | Reached XP level 6. HP: 42/51 MP: 5/5
  3061 | D:3      | Reached **** piety under Trog
  3351 | D:4      | You fall into a shaft and drop 1 floor!
  3351 | D:5      | Entered Level 5 of the Dungeon
  3361 | D:5      | Reached skill level 9 in Axes
  3862 | D:4      | Reached XP level 7. HP: 51/57 MP: 6/6
  4477 | D:4      | Reached skill level 10 in Axes
  5169 | D:5      | Noticed Dowan
  5171 | D:5      | Noticed Duvessa
  5174 | D:5      | Killed Dowan
  5174 | D:5      | Reached skill level 11 in Axes
  5185 | D:5      | Killed Duvessa
  5189 | D:5      | Reached XP level 8. HP: 24/64 MP: 7/7
  5513 | D:5      | Got a heavily runed crystal amulet
  5599 | D:5      | Reached skill level 12 in Axes
  5681 | D:5      | Identified the amulet "Ashregeu" {Reflect Slay+2 SH+6} (You
                  | found it on level 5 of the Dungeon)
  6459 | D:6      | Noticed Sigmund
  6472 | D:6      | Killed Sigmund
  6519 | D:6      | Reached skill level 5 in Fighting
  6750 | D:6      | Reached XP level 9. HP: 71/74 MP: 8/8
  7289 | D:7      | Reached skill level 13 in Axes
  7462 | D:7      | Found a staircase to the Ecumenical Temple.
  7744 | D:7      | Found a glowing silver altar of Zin.
  7885 | D:7      | Found a glowing golden altar of the Shining One.
  8292 | D:8      | Noticed Erica
  8308 | D:8      | Killed Erica
  8308 | D:8      | Reached skill level 5 in Armour
  8321 | D:8      | Reached skill level 5 in Dodging
  8576 | D:8      | Reached XP level 10. HP: 83/88 MP: 9/9
  8798 | D:8      | Found a sacrificial altar of Ru.
  8863 | D:8      | Reached skill level 14 in Axes
  9155 | D:8      | Noticed Joseph
  9168 | D:8      | Killed Joseph
  9542 | D:9      | Found a hide-covered altar of Uskayaw.
  9542 | D:9      | Noticed a +0 hand axe
  9542 | D:9      | Noticed a +0 hand axe
  9573 | D:9      | Found a radiant altar of Vehumet.
  9968 | D:9      | Reached ***** piety under Trog
  9984 | D:9      | Noticed a purple ugly thing
  9998 | D:9      | Killed a purple ugly thing
 10000 | D:9      | Reached skill level 10 in Fighting
 10413 | D:9      | Reached skill level 15 in Axes
 10423 | D:9      | Reached XP level 11. HP: 64/101 MP: 10/10
 11001 | D:10     | Entered Level 10 of the Dungeon
 11122 | D:10     | Noticed a death yak
 11123 | D:10     | Found a staircase to the Lair.
 11137 | D:10     | Killed a death yak
 11409 | D:10     | Found Gielargho's Jewellery Shop.
 11445 | D:10     | Found Semigha's Food Boutique.
 11448 | D:10     | Found Wyeruthy's Food Boutique.
 11453 | D:10     | Found Cyetad's Assorted Antiques.
 11454 | D:10     | Found Analaedd's Magic Scroll Boutique.
 11468 | D:10     | Bought a scroll of identify for 24 gold pieces
 11524 | D:10     | Received a gift from Trog
 12211 | D:11     | Found a gate leading to a gauntlet.
 12225 | Gauntlet | Entered a Gauntlet
 12225 | Gauntlet | Found a transporter.
 12225 | Gauntlet | Found a transporter.
 12225 | Gauntlet | Found a transporter.
 12257 | Gauntlet | Found a transporter.
 12260 | Gauntlet | Found a transporter.
 12271 | Gauntlet | Noticed a sixfirhy
 12276 | Gauntlet | Found a transporter.
 12285 | Gauntlet | Found a transporter.
 12292 | Gauntlet | Found a transporter.
 12311 | Gauntlet | Found a transporter.
 12317 | Gauntlet | Found a transporter.
 12319 | Gauntlet | Noticed a catoblepas
 12337 | Gauntlet | Found a transporter.
 12373 | Gauntlet | Noticed a death ooze
 12387 | Gauntlet | Noticed a death ooze
 12388 | Gauntlet | Found a transporter.
 12392 | Gauntlet | Found the +8 Wrath of Trog {antimagic, *Rage}
 12468 | Gauntlet | Killed a death ooze
 12670 | Gauntlet | Got a wavering platinum ring
 12678 | Gauntlet | Identified the ring of Fuvaqose {MP+9 Int+5} (You found it
                  | in a Gauntlet)
 12696 | Gauntlet | Killed a death ooze
 12696 | Gauntlet | Reached skill level 16 in Axes
 12837 | Gauntlet | Noticed a minotaur
 12841 | Gauntlet | Killed a minotaur
 12898 | Gauntlet | Got a shimmering bronze ring
 13155 | D:11     | Noticed a two-headed ogre
 13167 | D:11     | Killed a two-headed ogre
 13478 | D:11     | Reached XP level 12. HP: 112/112 MP: 11/11
 13900 | D:12     | Found a staircase to the Orcish Mines.
 14126 | D:12     | Noticed a two-headed ogre
 14134 | D:12     | Killed a two-headed ogre
 14553 | D:12     | Found Nim Edyecilu's Assorted Antiques.
 14571 | D:12     | Bought a scroll of identify for 68 gold pieces
 14802 | D:12     | Noticed a tengu warrior
 14817 | D:12     | Killed a tengu warrior
 14818 | D:12     | Reached skill level 17 in Axes
 15177 | D:12     | Identified the ring "Nolip" {MP+9 Str+5 Int+3 Dex-3} (You
                  | found it in a Gauntlet)
 15487 | Lair:1   | Entered Level 1 of the Lair of Beasts
 15518 | Lair:1   | Reached skill level 10 in Armour
 16135 | Lair:1   | Noticed a five-headed hydra
 16142 | Lair:1   | Killed a one-headed hydra
 16789 | Lair:2   | Noticed a seven-headed hydra
 16797 | Lair:2   | Killed a three-headed hydra
 16797 | Lair:2   | Reached skill level 18 in Axes
 17047 | Lair:2   | Reached XP level 13. HP: 85/123 MP: 7/12
 17051 | Lair:2   | Received a gift from Trog
 17407 | Lair:2   | You fall into a shaft and drop 2 floors!
 17583 | Lair:3   | Found a staircase to the Shoals.
 17688 | Lair:3   | Reached skill level 19 in Axes
 18270 | Lair:2   | Reached skill level 20 in Axes
 18373 | Lair:2   | Identified 2 scrolls of acquirement
 18374 | Lair:2   | Got a brightly glowing hat
 18385 | Lair:2   | Identified the +1 hat of Imyf {+Fly rC- rN+++ Int-5} (You
                  | acquired it on level 2 of the Lair of Beasts)
 18786 | Lair:3   | Found a hole to the Spider Nest.
 18805 | Lair:3   | Received a gift from Trog
 20200 | Lair:5   | Noticed Josephine
 20211 | Lair:5   | Killed Josephine
 20211 | Lair:5   | Reached skill level 21 in Axes
 20362 | Lair:5   | Reached XP level 14. HP: 122/131 MP: 13/13
 21492 | Lair:5   | Found a staircase to the Slime Pits.
 21722 | Lair:6   | Entered Level 6 of the Lair of Beasts
 22044 | Lair:6   | Reached skill level 22 in Axes
 22419 | Lair:6   | Received a gift from Trog
 23285 | Lair:6   | Reached skill level 23 in Axes
 24692 | Orc:1    | Entered Level 1 of the Orcish Mines
 24954 | Orc:1    | Found Upaluras's Magic Scroll Shoppe.
 24956 | Orc:1    | Noticed Urug
 24984 | Orc:1    | Killed Urug
 24984 | Orc:1    | Reached XP level 15. HP: 130/137 MP: 7/14
 25217 | Orc:1    | Bought a scroll of enchant weapon for 90 gold pieces
 25217 | Orc:1    | Bought a scroll of enchant armour for 90 gold pieces
 25217 | Orc:1    | Bought a scroll of teleportation for 36 gold pieces
 25217 | Orc:1    | Bought a scroll of identify for 24 gold pieces
 25217 | Orc:1    | Bought a scroll of teleportation for 36 gold pieces
 25217 | Orc:1    | Bought a scroll of identify for 24 gold pieces
 25220 | Orc:1    | Reached skill level 24 in Axes
 25220 | Orc:1    | Reached XP level 16. HP: 146/146 MP: 8/15
 25221 | Orc:1    | Reached skill level 15 in Fighting
 25221 | Orc:1    | Reached XP level 17. HP: 155/155 MP: 8/16
 25335 | Orc:2    | Entered Level 2 of the Orcish Mines
 25367 | Orc:2    | Received a gift from Trog
 25373 | Orc:2    | Found a staircase to the Elven Halls.
 25471 | Orc:2    | Found Wabac's Armour Boutique.
 25472 | Orc:2    | Found Recar's Assorted Antiques.
 25476 | Orc:2    | Found Qaech's Antique Weapon Shoppe.
 25476 | Orc:2    | Found Joatif's Jewellery Shop.
 25490 | Orc:2    | Bought a +3 plate armour of fire resistance for 540 gold
                  | pieces
 25534 | Orc:2    | Found a dark tunnel.
 25558 | Volcano  | Entered a volcano
 26006 | Orc:2    | Found a roughly hewn altar of Beogh.
 26123 | Orc:2    | Found a runed translucent door.
 26132 | Orc:2    | Found the +10 large shield of Ignorance {rN+ Int-4}
 26159 | Orc:2    | Found a runed translucent door.
 26706 | Spider:1 | Entered Level 1 of the Spider Nest
 26722 | Spider:1 | Received a gift from Trog
 27441 | Spider:1 | Reached skill level 25 in Axes
 27441 | Spider:1 | Reached XP level 18. HP: 167/167 MP: 8/17
 27924 | Spider:2 | Noticed Jorgrun
 27938 | Spider:2 | Killed Jorgrun
 28796 | Spider:3 | Received a gift from Trog
 29678 | Spider:4 | Entered Level 4 of the Spider Nest
 31172 | Spider:4 | Received a gift from Trog
 31420 | Spider:4 | Reached XP level 19. HP: 178/178 MP: 6/18
 32139 | Spider:3 | HP: 3/178 [wolf spider (12)]
 32141 | Spider:3 | Succumbed to a wolf spider's poison

Levels and vault maps discovered:
D:1:      matt_arrival_spirals, layout_rooms
D:2:      layout_loops_cross, okawaru_ov_weapons_minmay,
          kennysheep_generic_room_9
D:3:      layout_basic, portal_sewer_entry_c
D:4:      layout_basic
D:5:      layout_layer_cave, first_ration, minmay_quadrilaterals, uniq_duvessa
D:6:      layout_gridville, uniq_sigmund
D:7:      layout_loops_ring, overflow_temple_1_default, zin_statuary,
          minmay_temple_entry_junction, kennysheep_small_square
D:8:      lemuel_upstairs_altar, layout_gridville, basic_altar, uniq_erica,
          uniq_joseph
D:9:      minmay_evil_eye, layout_basic, dancing_weapons_uskayaw, special_room
          [special_room_bee], basic_altar
D:10:     layout_roguey, david_lair_generic, serial_shops, nicolae_shop_trees,
          david_nohive_1, roderic_filled_cross, minmay_shop_grid_forest
D:11:     layout_gridville, gauntlet_entry_generic
D:12:     layout_loops_ring, orc_0_dummy, serial_shops, shop, kb_tengu_band
D:13:     layout_irregular_city, david_vaults_1, minmay_misc_feat_alley
Lair:1:   layout_small_grid, chequers_serial_rivers_room_b
Lair:2:   layout_gridlike, special_room
Lair:3:   layout_concentric_octagons, elwin_shoals_entry_stream,
          nicolae_spider_entry_tight_spaces, lemuel_fruit_fields
Lair:4:   layout_hall_layers
Lair:5:   layout_hall_layers, minmay_slime_entry_oklob_enclosed,
          eino_house_with_fridge, grunt_megastairs_3, infiniplex_staircase_pool,
          uniq_josephine
Lair:6:   due_jungle_book, layout_misc_corridors, minmay_lair_oklob_chamber,
          grunt_megastairs_1, serial_bayou_shore_a
Spider:1: layout_spider_delve, minivault_29
Spider:2: layout_spider_delve, uniq_jorgrun
Spider:3: layout_spider_delve, nicolae_spider_webs_and_nodes
Spider:4: grunt_spider_rune_parallel
Orc:1:    layout_caves, serial_shops, nicolae_shop_crystal, uniq_urug
Orc:2:    st_orc_ogre_mass, layout_diamond_mine, basic_altar,
          lightli_volcano_entry_magma_tube, chequers_guarded_unrand_ignorance

Skill      XL: |  1  2  3  4  5  6  7  8  9 10 11 12 13 14 15 16 17 18 19 |
---------------+----------------------------------------------------------+-----
Axes           | 4 5 6 8 9 11 12 13 15 16 18 21 23 24 25 | 25.8
Fighting       | 5 8 10 12 14 15 16 17 18 | 18.1
Armour         | 3 5 7 9 10 11 12 13 | 13.3
Dodging        | 3 5 |  5.0

Action                   |  1- 3 |  4- 6 |  7- 9 | 10-12 | 13-15 | 16-18 | 19-21 || total
-------------------------+-------+-------+-------+-------+-------+-------+-------++-------
Melee: Hand axe          |   110 |   140 |   212 |       |       |       |       ||   462
       Headbutt          |    14 |    19 |    61 |   106 |   145 |   120 |    18 ||   483
       War axe           |       |       |    70 |   387 |       |       |       ||   457
       Battleaxe         |       |       |       |   155 |   333 |   494 |    63 ||  1045
       Scimitar          |       |       |       |     9 |    42 |       |       ||    51
       Broad axe         |       |       |       |       |   164 |       |       ||   164
Invok: Berserk           |       |     1 |     5 |     5 |     6 |     4 |     1 ||    22
       Trog's Hand       |       |       |     2 |     1 |     2 |     3 |     1 ||     9
       Brothers in Arms  |       |       |       |       |       |     2 |     2 ||     4
  Use: Scroll            |     2 |     5 |     2 |    10 |    10 |     6 |     1 ||    36
       Potion            |       |       |       |       |     1 |     2 |       ||     3
 Stab: Sleeping          |     1 |       |       |       |       |       |       ||     1
  Eat: Chunk             |     3 |     8 |    18 |    34 |    22 |     8 |       ||    93
       Ration            |       |       |       |     2 |     3 |     5 |     1 ||    11
Armor: Animal skin       |    20 |       |       |       |       |       |       ||    20
       Ring mail         |    14 |    39 |    71 |    82 |       |       |       ||   206
       Plate armour      |       |       |       |   112 |   331 |   369 |    75 ||   887
Dodge: Dodged            |    84 |    73 |   102 |   227 |   212 |   207 |    57 ||   962
       Deflected         |       |       |     2 |     3 |       |       |       ||     5
Block: Other             |       |       |    38 |   128 |   137 |   137 |    29 ||   469
       Reflection        |       |       |     1 |     6 |     6 |     2 |       ||    15
       Rpst.: Scimitar   |       |       |       |       |     9 |       |       ||     9
